[ AOE2 MATCH · #473392797 ]
UnrankedVikings vs Armenians
[ REPLAY ANALYSIS · EXTRACTED FROM THE RECORDED GAME ]
Feudal
9:48
Castle
22:21
Imperial
39:26
| APM avg | 133.7 |
| APM peak | 224 |
| eAPM avg | 66.6 |
| Villagers / military | 143 / 257 |
Focus
⚔️ 80.0% · 🌾 20.0%
Militia ×109 · Longboat ×87 · Galley ×51 · Fishing Ship ×20 · Unknown (2626) ×5 · Cannon Galleon ×3
Feudal
9:18
Castle
21:09
Imperial
30:40
| APM avg | 62.2 |
| APM peak | 118 |
| eAPM avg | 22.1 |
| Villagers / military | 111 / 56 |
Focus
⚔️ 37.1% · 🌾 62.9%
Unknown (1968) ×108 · Galley ×48 · Unknown (1974) ×39 · Fishing Ship ×18 · Unknown (1942) ×13 · Militia ×5
Feudal
12:35
Castle
16:05
Imperial
20:06
| APM avg | 50.5 |
| APM peak | 86 |
| eAPM avg | 36.9 |
| Villagers / military | 200 / 270 |
Focus
⚔️ 44.1% · 🌾 55.9%
Fire Galley ×204 · Knight ×54 · Fishing Ship ×21 · Trade Cart ×12 · Bombard Cannon ×5 · Camel Scout ×4
Feudal
9:44
Castle
20:22
Imperial
35:18
| APM avg | 70.3 |
| APM peak | 191 |
| eAPM avg | 33.5 |
| Villagers / military | 157 / 321 |
Focus
⚔️ 47.9% · 🌾 52.1%
Composite Bowman ×119 · Skirmisher ×106 · Galley ×80 · Fire Galley ×10 · Fishing Ship ×6 · Unknown (2626) ×4
Feudal
12:42
Castle
16:26
Imperial
23:12
| APM avg | 39.4 |
| APM peak | 84 |
| eAPM avg | 25.6 |
| Villagers / military | 192 / 246 |
Focus
⚔️ 45.4% · 🌾 54.6%
Fire Galley ×219 · Fishing Ship ×22 · Demolition Raft ×21 · Trebuchet (Packed) ×3 · Transport Ship ×2 · Unknown (1948) ×2
Feudal
10:05
Castle
20:33
Imperial
40:15
| APM avg | 51.3 |
| APM peak | 102 |
| eAPM avg | 22.8 |
| Villagers / military | 116 / 126 |
Focus
⚔️ 46.6% · 🌾 53.4%
Galley ×97 · Cavalry Archer ×25 · Unknown (2626) ×21 · Fishing Ship ×9 · Transport Ship ×2 · Fire Galley ×1
Match map
Initial resources + every placement click. Lines = walls · curves = elevation contours. ◆ gold · ⬟ stone · ● berries · ✦ relic · ◌ wall gap
Inputs per minute
— NOC | Mati - - NOC | Madtomski
Build order — NOC | Mati
First 150 of 594 actions detected
| 0:00 | Create | Villager (Male) ×4 |
| 0:01 | Build | House |
| 0:02 | Build | House |
| 1:22 | Create | Villager (Male) |
| 1:30 | Build | Lumber Camp |
| 1:52 | Create | Villager (Male) |
| 2:10 | Create | Villager (Male) |
| 2:31 | Create | Villager (Male) |
| 3:03 | Create | Villager (Male) |
| 3:31 | Create | Villager (Male) |
| 3:51 | Build | House |
| 3:56 | Build | Dock |
| 4:00 | Create | Villager (Male) |
| 4:21 | Create | Villager (Male) |
| 4:32 | Create | Fishing Ship |
| 4:49 | Create | Villager (Male) |
| 5:05 | Build | House |
| 5:14 | Create | Villager (Male) |
| 5:20 | Create | Fishing Ship |
| 5:31 | Create | Villager (Male) |
| 5:39 | Create | Villager (Male) |
| 5:58 | Create | Villager (Male) |
| 6:09 | Create | Fishing Ship |
| 6:53 | Create | Fishing Ship |
| 7:38 | Research | Feudal Age |
| 7:43 | Build | Mining Camp |
| 8:05 | Build | Dock |
| 8:12 | Build | House |
| 8:36 | Create | Villager (Male) |
| 8:44 | Build | House |
| 9:01 | Build | Dock |
| 9:42 | Research | Loom |
| 9:48 | Age | Feudal Age |
| 9:49 | Create | Galley |
| 9:49 | Create | Galley |
| 9:51 | Research | Double-Bit Axe |
| 9:55 | Create | Villager (Male) |
| 9:56 | Create | Galley |
| 9:59 | Create | Galley |
| 9:59 | Create | Galley |
| 10:15 | Build | Lumber Camp |
| 10:16 | Create | Villager (Male) |
| 10:24 | Create | Villager (Male) |
| 10:31 | Build | House |
| 10:31 | Build | House |
| 10:45 | Create | Galley |
| 10:46 | Create | Galley |
| 11:12 | Create | Galley |
| 11:27 | Create | Galley |
| 11:42 | Create | Galley |
| 11:43 | Create | Galley |
| 11:45 | Create | Villager (Male) |
| 11:51 | Create | Villager (Male) |
| 11:54 | Create | Galley |
| 12:05 | Create | Galley |
| 12:25 | Build | Blacksmith |
| 12:28 | Create | Villager (Male) |
| 12:35 | Create | Villager (Male) |
| 12:41 | Create | Galley |
| 12:46 | Create | Villager (Male) |
| 12:49 | Build | Mill |
| 13:08 | Create | Galley |
| 13:11 | Create | Villager (Male) |
| 13:11 | Research | Fletching |
| 13:20 | Build | House |
| 13:21 | Build | House |
| 13:25 | Create | Galley |
| 13:27 | Create | Villager (Male) |
| 13:37 | Create | Galley |
| 13:53 | Build | House |
| 13:54 | Build | House |
| 13:58 | Create | Galley |
| 14:09 | Create | Galley |
| 14:25 | Create | Galley |
| 14:28 | Create | Villager (Male) |
| 14:41 | Create | Villager (Male) |
| 14:42 | Build | House |
| 14:43 | Build | House |
| 14:43 | Build | House |
| 14:47 | Create | Galley |
| 15:03 | Create | Galley |
| 15:04 | Create | Villager (Male) |
| 15:11 | Create | Galley |
| 15:27 | Build | Farm |
| 15:29 | Create | Villager (Male) |
| 15:32 | Build | Farm |
| 15:36 | Build | Farm |
| 15:44 | Create | Galley |
| 15:47 | Create | Galley |
| 15:47 | Create | Villager (Male) |
| 16:11 | Create | Galley |
| 16:13 | Create | Villager (Male) |
| 16:18 | Build | Farm |
| 16:28 | Build | Farm |
| 16:48 | Create | Galley |
| 16:49 | Create | Galley |
| 16:49 | Create | Villager (Male) |
| 16:59 | Build | House |
| 17:00 | Build | House |
| 17:00 | Build | House |
| 17:06 | Create | Villager (Male) |
| 17:19 | Create | Galley |
| 17:23 | Build | Farm |
| 17:30 | Create | Galley |
| 17:38 | Build | House |
| 17:52 | Create | Galley |
| 17:53 | Create | Villager (Male) |
| 17:56 | Build | House |
| 17:56 | Build | House |
| 18:42 | Create | Galley |
| 18:47 | Create | Galley |
| 18:55 | Create | Villager (Male) |
| 19:01 | Build | Market |
| 19:03 | Create | Galley |
| 19:24 | Create | Fishing Ship |
| 19:41 | Research | Castle Age |
| 19:42 | Research | Gold Mining |
| 19:44 | Research | Horse Collar |
| 19:52 | Build | Lumber Camp |
| 19:56 | Create | Galley |
| 20:16 | Create | Galley |
| 20:16 | Create | Galley |
| 20:29 | Create | Galley |
| 20:29 | Create | Galley |
| 20:33 | Create | Galley |
| 20:55 | Create | Galley |
| 20:59 | Create | Galley |
| 21:05 | Create | Galley |
| 21:10 | Create | Galley |
| 21:13 | Create | Villager (Male) |
| 21:26 | Create | Galley |
| 21:29 | Create | Galley |
| 21:45 | Create | Galley |
| 22:00 | Create | Galley |
| 22:15 | Create | Galley |
| 22:21 | Age | Castle Age |
| 22:26 | Research | War Galley (upgrade) |
| 22:30 | Research | Bow Saw |
| 22:32 | Research | Bodkin Arrow |
| 22:33 | Create | Villager (Male) |
| 22:39 | Build | University |
| 22:55 | Create | Longboat |
| 22:55 | Create | Longboat |
| 22:57 | Create | Villager (Male) |
| 23:08 | Create | Longboat |
| 23:13 | Research | Town Watch |
| 23:17 | Create | Villager (Male) |
| 23:19 | Create | Villager (Male) |
| 23:25 | Create | Unit 2626 |
| 23:25 | Create | Unit 2626 |
Build order — NOC | Madtomski
First 150 of 409 actions detected
| 0:00 | Create | Villager (Male) |
| 0:01 | Build | House |
| 0:02 | Create | Villager (Male) |
| 0:02 | Build | House |
| 0:03 | Create | Villager (Male) |
| 0:10 | Create | Villager (Male) |
| 1:23 | Create | Villager (Male) |
| 1:24 | Build | Lumber Camp |
| 1:38 | Create | Villager (Male) |
| 2:00 | Create | Villager (Male) |
| 2:28 | Create | Villager (Male) |
| 2:50 | Create | Villager (Male) |
| 3:25 | Build | Dock |
| 3:36 | Create | Villager (Male) |
| 3:54 | Build | House |
| 3:58 | Create | Villager (Male) |
| 4:24 | Create | Villager (Male) |
| 4:25 | Create | Villager (Male) |
| 4:28 | Create | Fishing Ship |
| 4:40 | Create | Villager (Male) |
| 5:08 | Create | Fishing Ship |
| 5:18 | Create | Villager (Male) |
| 5:29 | Create | Villager (Male) |
| 5:32 | Create | Villager (Male) |
| 5:39 | Build | House |
| 5:56 | Create | Fishing Ship |
| 6:41 | Create | Fishing Ship |
| 7:05 | Research | Feudal Age |
| 7:47 | Build | Lumber Camp |
| 8:15 | Build | Mining Camp |
| 8:29 | Build | Dock |
| 8:41 | Build | House |
| 8:44 | Create | Villager (Male) |
| 8:56 | Build | Dock |
| 9:18 | Age | Feudal Age |
| 9:20 | Create | Galley |
| 9:25 | Create | Galley |
| 9:27 | Create | Villager (Male) |
| 9:30 | Research | Double-Bit Axe |
| 9:30 | Research | Double-Bit Axe |
| 9:46 | Create | Villager (Male) |
| 9:49 | Build | House |
| 9:56 | Create | Galley |
| 10:11 | Create | Galley |
| 10:13 | Create | Villager (Male) |
| 10:29 | Create | Galley |
| 10:42 | Create | Villager (Male) |
| 10:43 | Create | Galley |
| 10:50 | Build | House |
| 11:02 | Create | Galley |
| 11:03 | Create | Villager (Male) |
| 11:03 | Create | Villager (Male) |
| 11:22 | Create | Galley |
| 11:26 | Build | House |
| 11:34 | Create | Villager (Male) |
| 11:59 | Create | Galley |
| 11:59 | Create | Galley |
| 12:00 | Create | Galley |
| 12:02 | Create | Villager (Male) |
| 12:23 | Build | Blacksmith |
| 12:32 | Create | Galley |
| 12:41 | Create | Villager (Male) |
| 12:45 | Create | Galley |
| 12:51 | Build | House |
| 12:59 | Create | Galley |
| 13:15 | Create | Galley |
| 13:21 | Build | Mill |
| 13:21 | Create | Villager (Male) |
| 13:24 | Create | Galley |
| 13:27 | Create | Villager (Male) |
| 13:34 | Build | House |
| 13:46 | Create | Galley |
| 13:58 | Create | Galley |
| 14:16 | Create | Villager (Male) |
| 14:17 | Create | Galley |
| 14:39 | Create | Villager (Male) |
| 14:42 | Create | Galley |
| 14:49 | Create | Galley |
| 14:50 | Create | Villager (Male) |
| 15:12 | Create | Galley |
| 15:24 | Research | Fletching |
| 15:27 | Create | Villager (Male) |
| 15:30 | Create | Villager (Male) |
| 15:35 | Create | Villager (Male) |
| 15:39 | Create | Villager (Male) |
| 15:44 | Create | Villager (Male) |
| 15:45 | Build | House |
| 15:47 | Create | Villager (Male) |
| 15:50 | Build | Market |
| 15:52 | Create | Villager (Male) |
| 15:53 | Create | Galley |
| 16:18 | Create | Galley |
| 16:19 | Create | Galley |
| 16:19 | Create | Villager (Male) |
| 16:37 | Build | House |
| 16:41 | Create | Galley |
| 16:41 | Create | Galley |
| 17:12 | Create | Villager (Male) |
| 17:29 | Create | Villager (Male) |
| 17:30 | Create | Galley |
| 17:40 | Build | House |
| 17:41 | Build | House |
| 17:46 | Create | Galley |
| 17:56 | Build | Farm |
| 17:58 | Build | Farm |
| 18:29 | Research | Castle Age |
| 18:31 | Create | Villager (Male) |
| 18:46 | Create | Galley |
| 18:46 | Create | Galley |
| 18:56 | Build | Mining Camp |
| 19:00 | Create | Galley |
| 19:09 | Create | Villager (Male) |
| 19:28 | Create | Galley |
| 19:28 | Create | Villager (Male) |
| 19:39 | Build | Dock |
| 19:42 | Create | Galley |
| 20:01 | Research | Gold Mining |
| 20:07 | Create | Galley |
| 20:08 | Create | Villager (Male) |
| 20:26 | Create | Galley |
| 20:37 | Create | Galley |
| 21:09 | Age | Castle Age |
| 21:10 | Create | Fishing Ship |
| 21:13 | Research | Tech 906 |
| 21:23 | Research | Bodkin Arrow |
| 21:32 | Research | War Galley (upgrade) |
| 21:38 | Create | Villager (Male) |
| 21:57 | Research | Gillnets |
| 22:05 | Build | Lumber Camp |
| 22:08 | Build | House |
| 22:09 | Build | House |
| 22:28 | Create | Villager (Male) |
| 22:29 | Create | Fishing Ship |
| 22:30 | Create | Fishing Ship |
| 22:30 | Create | Fishing Ship |
| 22:30 | Create | Villager (Male) |
| 22:55 | Create | Villager (Male) |
| 23:03 | Build | House |
| 23:05 | Build | Lumber Camp |
| 23:08 | Build | Farm |
| 23:19 | Research | Bow Saw |
| 23:25 | Build | Lumber Camp |
| 23:33 | Create | Villager (Male) |
| 23:40 | Create | Fishing Ship |
| 23:40 | Create | Fishing Ship |
| 23:52 | Create | Villager (Male) |
| 23:57 | Build | Dock |
| 24:19 | Create | Galley |
| 24:19 | Create | Galley |
| 24:21 | Create | Villager (Male) |
Build order — NOC | Mr.Dobbsn
First 150 of 714 actions detected
| 0:00 | Create | Villager (Male) |
| 0:00 | Create | Villager (Male) |
| 0:01 | Create | Villager (Male) |
| 0:02 | Build | House |
| 0:02 | Build | House |
| 0:06 | Create | Villager (Male) |
| 1:00 | Create | Villager (Male) |
| 1:30 | Build | Lumber Camp |
| 1:41 | Create | Villager (Male) |
| 1:41 | Create | Villager (Male) |
| 2:26 | Create | Villager (Male) |
| 2:44 | Create | Villager (Male) |
| 3:02 | Create | Villager (Male) |
| 3:30 | Build | Dock |
| 3:35 | Create | Villager (Male) |
| 3:46 | Build | House |
| 3:48 | Create | Villager (Male) |
| 4:11 | Create | Villager (Male) |
| 4:21 | Create | Fishing Ship |
| 4:36 | Create | Villager (Male) |
| 4:54 | Create | Fishing Ship |
| 5:08 | Build | House |
| 5:17 | Create | Villager (Male) |
| 5:17 | Create | Villager (Male) |
| 5:28 | Build | Lumber Camp |
| 5:46 | Create | Villager (Male) |
| 6:02 | Create | Fishing Ship |
| 6:17 | Build | House |
| 6:20 | Create | Villager (Male) |
| 6:37 | Create | Fishing Ship |
| 6:54 | Create | Villager (Male) |
| 7:06 | Create | Fishing Ship |
| 7:12 | Create | Villager (Male) |
| 7:32 | Build | Dock |
| 7:38 | Build | House |
| 7:43 | Create | Fishing Ship |
| 7:44 | Create | Villager (Male) |
| 8:06 | Create | Villager (Male) |
| 8:27 | Build | Dock |
| 8:28 | Create | Fishing Ship |
| 8:30 | Create | Villager (Male) |
| 8:43 | Create | Fishing Ship |
| 8:56 | Build | House |
| 8:58 | Create | Villager (Male) |
| 9:11 | Build | Mining Camp |
| 9:18 | Create | Fishing Ship |
| 9:26 | Create | Villager (Male) |
| 9:34 | Create | Fishing Ship |
| 9:35 | Create | Villager (Male) |
| 9:45 | Create | Fishing Ship |
| 9:52 | Build | House |
| 10:07 | Research | Feudal Age |
| 10:12 | Build | Mill |
| 10:18 | Create | Fishing Ship |
| 10:18 | Create | Fishing Ship |
| 10:20 | Create | Villager (Male) |
| 10:41 | Create | Fishing Ship |
| 10:45 | Create | Fishing Ship |
| 10:47 | Create | Fishing Ship |
| 11:04 | Create | Fishing Ship |
| 11:12 | Build | House |
| 11:30 | Create | Fishing Ship |
| 11:32 | Create | Fishing Ship |
| 12:19 | Create | Villager (Male) |
| 12:31 | Build | House |
| 12:35 | Age | Feudal Age |
| 12:38 | Build | Blacksmith |
| 12:40 | Build | Market |
| 13:04 | Research | Tech 906 |
| 13:10 | Research | Double-Bit Axe |
| 13:20 | Research | Castle Age |
| 13:20 | Research | Castle Age |
| 13:31 | Build | Lumber Camp |
| 13:44 | Research | Gold Mining |
| 15:00 | Create | Villager (Male) |
| 15:01 | Create | Fishing Ship |
| 15:05 | Create | Fire Galley |
| 15:12 | Build | Dock |
| 15:25 | Create | Fire Galley |
| 15:26 | Create | Fire Galley |
| 15:33 | Create | Villager (Male) |
| 15:43 | Build | House |
| 16:05 | Age | Castle Age |
| 16:07 | Build | University |
| 16:08 | Build | Monastery |
| 16:15 | Build | Mining Camp |
| 16:24 | Research | Gillnets |
| 16:44 | Create | Fire Galley |
| 16:45 | Research | Imperial Age |
| 16:46 | Create | Fire Galley |
| 16:46 | Create | Fire Galley |
| 16:46 | Create | Fire Galley |
| 16:53 | Research | War Galley (upgrade) |
| 17:00 | Research | Gold Shaft Mining |
| 17:33 | Research | Bow Saw |
| 17:35 | Create | Fire Galley |
| 17:35 | Create | Fire Galley |
| 17:36 | Create | Fire Galley |
| 17:36 | Create | Fire Galley |
| 17:36 | Create | Fire Galley |
| 17:46 | Create | Fire Galley |
| 17:47 | Create | Villager (Male) |
| 17:57 | Create | Fire Galley |
| 18:06 | Build | House |
| 18:07 | Build | House |
| 18:11 | Research | Careening |
| 18:20 | Create | Fire Galley |
| 18:25 | Create | Villager (Male) |
| 18:27 | Build | House |
| 18:33 | Create | Fire Galley |
| 18:42 | Create | Villager (Male) |
| 18:48 | Create | Fire Galley |
| 18:52 | Research | Tech 908 |
| 18:52 | Research | Tech 908 |
| 18:53 | Create | Fire Galley |
| 19:06 | Create | Fire Galley |
| 19:17 | Create | Fire Galley |
| 19:33 | Research | Tech 909 |
| 19:39 | Create | Fire Galley |
| 19:40 | Create | Fire Galley |
| 20:06 | Age | Imperial Age |
| 20:09 | Research | Galleon (upgrade) |
| 20:10 | Create | Fire Galley |
| 20:13 | Create | Villager (Male) |
| 20:21 | Create | Fire Galley |
| 20:24 | Create | Fire Galley |
| 20:30 | Create | Fire Galley |
| 20:41 | Create | Fire Galley |
| 20:45 | Create | Fire Galley |
| 20:49 | Create | Villager (Male) |
| 21:03 | Create | Fire Galley |
| 21:10 | Create | Fire Galley |
| 21:10 | Create | Fire Galley |
| 21:16 | Create | Villager (Male) |
| 21:17 | Create | Fire Galley |
| 21:17 | Create | Fire Galley |
| 21:20 | Create | Villager (Male) |
| 21:40 | Create | Fire Galley |
| 21:40 | Create | Fire Galley |
| 21:45 | Create | Fire Galley |
| 21:45 | Create | Fire Galley |
| 21:53 | Research | Dry Dock |
| 22:06 | Create | Fire Galley |
| 22:11 | Create | Fire Galley |
| 22:12 | Create | Villager (Male) |
| 22:15 | Build | House |
| 22:16 | Build | House |
| 22:17 | Create | Villager (Male) |
| 22:26 | Create | Fire Galley |
| 22:31 | Create | Fire Galley |
Build order — m0re
First 150 of 504 actions detected
| 0:00 | Create | Villager (Male) |
| 0:00 | Create | Villager (Male) |
| 0:01 | Build | House |
| 0:03 | Build | House |
| 0:10 | Create | Villager (Male) |
| 0:10 | Create | Villager (Male) |
| 1:20 | Build | Mule Cart |
| 1:31 | Create | Villager (Male) |
| 1:56 | Create | Villager (Male) |
| 2:22 | Create | Villager (Male) |
| 2:43 | Create | Villager (Male) |
| 3:16 | Create | Villager (Male) |
| 3:22 | Build | House |
| 3:24 | Build | Dock |
| 3:33 | Create | Villager (Male) |
| 4:11 | Create | Villager (Male) |
| 4:14 | Create | Fishing Ship |
| 4:25 | Create | Villager (Male) |
| 4:32 | Build | House |
| 4:56 | Create | Villager (Male) |
| 5:04 | Create | Fishing Ship |
| 5:07 | Create | Villager (Male) |
| 5:12 | Create | Villager (Male) |
| 5:38 | Create | Fishing Ship |
| 5:45 | Create | Villager (Male) |
| 6:28 | Create | Fishing Ship |
| 6:31 | Build | House |
| 6:36 | Create | Villager (Male) |
| 6:57 | Create | Fishing Ship |
| 7:08 | Create | Villager (Male) |
| 7:34 | Research | Feudal Age |
| 7:34 | Research | Feudal Age |
| 7:49 | Build | Mule Cart |
| 8:13 | Build | Dock |
| 8:50 | Build | Dock |
| 9:03 | Create | Villager (Male) |
| 9:09 | Build | House |
| 9:16 | Build | House |
| 9:23 | Build | House |
| 9:44 | Age | Feudal Age |
| 9:45 | Create | Galley |
| 9:45 | Create | Galley |
| 9:50 | Research | Double-Bit Axe |
| 9:53 | Create | Villager (Male) |
| 10:07 | Create | Galley |
| 10:11 | Create | Villager (Male) |
| 10:20 | Create | Galley |
| 10:31 | Create | Galley |
| 10:38 | Create | Villager (Male) |
| 10:39 | Create | Villager (Male) |
| 10:47 | Create | Galley |
| 11:04 | Build | House |
| 11:06 | Create | Galley |
| 11:15 | Create | Villager (Male) |
| 11:19 | Create | Galley |
| 11:31 | Create | Galley |
| 11:34 | Create | Villager (Male) |
| 11:36 | Build | House |
| 12:01 | Create | Galley |
| 12:01 | Create | Galley |
| 12:15 | Create | Villager (Male) |
| 12:22 | Build | Blacksmith |
| 12:33 | Create | Villager (Male) |
| 12:33 | Create | Galley |
| 12:39 | Build | House |
| 12:51 | Create | Galley |
| 13:03 | Build | Mill |
| 13:15 | Research | Fletching |
| 13:15 | Create | Villager (Male) |
| 13:17 | Create | Villager (Male) |
| 13:18 | Build | House |
| 13:20 | Create | Galley |
| 13:20 | Create | Galley |
| 13:29 | Create | Galley |
| 13:31 | Create | Villager (Male) |
| 13:37 | Build | House |
| 13:47 | Create | Galley |
| 14:05 | Create | Villager (Male) |
| 14:07 | Build | Mule Cart |
| 14:13 | Create | Galley |
| 14:16 | Create | Villager (Male) |
| 14:37 | Create | Galley |
| 14:40 | Create | Galley |
| 14:43 | Create | Villager (Male) |
| 14:59 | Create | Galley |
| 14:59 | Create | Galley |
| 15:10 | Create | Villager (Male) |
| 15:10 | Create | Villager (Male) |
| 15:15 | Create | Villager (Male) |
| 15:17 | Build | House |
| 15:22 | Create | Galley |
| 15:32 | Create | Galley |
| 15:46 | Create | Galley |
| 15:54 | Create | Galley |
| 16:07 | Create | Galley |
| 16:30 | Build | Market |
| 16:33 | Build | Mule Cart |
| 16:44 | Create | Galley |
| 17:16 | Create | Villager (Male) |
| 17:19 | Build | House |
| 17:21 | Build | House |
| 17:30 | Create | Galley |
| 17:30 | Create | Galley |
| 17:42 | Research | Castle Age |
| 17:42 | Research | Castle Age |
| 17:52 | Build | Dock |
| 17:58 | Create | Galley |
| 18:29 | Create | Galley |
| 18:29 | Create | Galley |
| 18:41 | Create | Galley |
| 18:41 | Create | Galley |
| 18:49 | Create | Galley |
| 19:27 | Create | Galley |
| 19:27 | Create | Galley |
| 19:40 | Create | Galley |
| 19:40 | Create | Galley |
| 19:41 | Create | Villager (Male) |
| 20:13 | Create | Galley |
| 20:13 | Create | Galley |
| 20:18 | Build | House |
| 20:22 | Age | Castle Age |
| 20:23 | Build | House |
| 20:29 | Research | Tech 905 |
| 20:32 | Research | War Galley (upgrade) |
| 20:34 | Research | Bodkin Arrow |
| 20:36 | Research | Bow Saw |
| 20:37 | Research | Gold Mining |
| 20:37 | Research | Gold Mining |
| 20:41 | Create | Villager (Male) |
| 20:43 | Create | Villager (Male) |
| 20:48 | Create | Unit 2626 |
| 20:49 | Create | Unit 2626 |
| 20:52 | Create | Villager (Male) |
| 20:58 | Build | House |
| 20:58 | Build | House |
| 21:09 | Build | University |
| 21:23 | Create | Unit 2626 |
| 21:23 | Create | Galley |
| 21:47 | Create | Unit 2626 |
| 21:47 | Create | Galley |
| 21:48 | Create | Galley |
| 21:48 | Create | Galley |
| 21:50 | Create | Villager (Male) |
| 21:50 | Create | Villager (Male) |
| 21:59 | Create | Villager (Male) |
| 21:59 | Create | Villager (Male) |
| 22:06 | Create | Villager (Male) |
| 22:06 | Create | Villager (Male) |
| 22:08 | Create | Galley |
| 22:08 | Create | Galley |
Build order — Moneimon
First 150 of 648 actions detected
| 0:00 | Research | Loom |
| 0:38 | Create | Villager (Male) |
| 1:03 | Create | Villager (Male) |
| 1:14 | Build | Lumber Camp |
| 1:30 | Create | Villager (Male) |
| 1:48 | Create | Villager (Male) |
| 2:13 | Create | Villager (Male) |
| 2:13 | Create | Villager (Male) |
| 2:42 | Create | Villager (Male) |
| 2:48 | Build | House |
| 3:07 | Create | Villager (Male) |
| 3:22 | Create | Villager (Male) |
| 3:22 | Create | Villager (Male) |
| 3:37 | Build | Dock |
| 3:44 | Create | Villager (Male) |
| 4:09 | Build | House |
| 4:24 | Create | Fishing Ship |
| 4:24 | Create | Fishing Ship |
| 4:27 | Create | Villager (Male) |
| 4:28 | Create | Villager (Male) |
| 4:54 | Create | Fishing Ship |
| 5:03 | Create | Villager (Male) |
| 5:11 | Create | Villager (Male) |
| 5:22 | Build | House |
| 5:28 | Create | Fishing Ship |
| 5:42 | Create | Villager (Male) |
| 5:55 | Create | Villager (Male) |
| 6:06 | Build | Lumber Camp |
| 6:27 | Create | Fishing Ship |
| 6:38 | Build | House |
| 6:39 | Create | Villager (Male) |
| 6:42 | Create | Villager (Male) |
| 7:03 | Create | Fishing Ship |
| 7:31 | Build | Dock |
| 7:34 | Create | Villager (Male) |
| 7:48 | Create | Fishing Ship |
| 7:50 | Create | Villager (Male) |
| 7:56 | Create | Villager (Male) |
| 8:12 | Create | Villager (Male) |
| 8:18 | Build | Dock |
| 8:34 | Build | House |
| 8:36 | Create | Villager (Male) |
| 8:37 | Create | Fishing Ship |
| 8:46 | Build | House |
| 8:51 | Create | Villager (Male) |
| 8:55 | Build | Mill |
| 9:09 | Create | Fishing Ship |
| 9:23 | Create | Villager (Male) |
| 9:28 | Build | Mining Camp |
| 9:46 | Build | Lumber Camp |
| 9:57 | Create | Villager (Male) |
| 10:02 | Create | Fishing Ship |
| 10:03 | Create | Fishing Ship |
| 10:10 | Create | Fishing Ship |
| 10:32 | Research | Feudal Age |
| 10:32 | Research | Feudal Age |
| 10:33 | Create | Fishing Ship |
| 10:36 | Build | House |
| 10:38 | Create | Fishing Ship |
| 10:54 | Create | Fishing Ship |
| 10:59 | Build | House |
| 11:02 | Create | Villager (Male) |
| 11:10 | Create | Fishing Ship |
| 11:17 | Build | House |
| 11:28 | Create | Fishing Ship |
| 11:47 | Create | Fishing Ship |
| 12:31 | Create | Villager (Male) |
| 12:42 | Age | Feudal Age |
| 12:43 | Build | Market |
| 12:45 | Build | Blacksmith |
| 12:47 | Research | Tech 906 |
| 12:49 | Create | Fire Galley |
| 12:58 | Create | Fire Galley |
| 13:46 | Research | Castle Age |
| 13:49 | Build | Dock |
| 13:52 | Create | Fire Galley |
| 13:53 | Create | Fire Galley |
| 13:53 | Create | Fire Galley |
| 14:07 | Research | Gold Mining |
| 14:19 | Research | Double-Bit Axe |
| 14:21 | Build | House |
| 14:24 | Build | House |
| 14:31 | Create | Fire Galley |
| 14:44 | Create | Villager (Male) |
| 14:47 | Create | Fire Galley |
| 15:02 | Create | Villager (Male) |
| 15:11 | Create | Fire Galley |
| 15:36 | Create | Fishing Ship |
| 15:37 | Create | Fishing Ship |
| 15:37 | Create | Fishing Ship |
| 15:37 | Create | Fishing Ship |
| 15:52 | Build | House |
| 16:21 | Create | Fire Galley |
| 16:21 | Create | Fire Galley |
| 16:21 | Create | Fire Galley |
| 16:21 | Create | Fire Galley |
| 16:26 | Age | Castle Age |
| 16:35 | Research | War Galley (upgrade) |
| 16:37 | Create | Villager (Male) |
| 16:37 | Create | Villager (Male) |
| 16:40 | Build | University |
| 16:48 | Create | Fire Galley |
| 16:49 | Create | Villager (Male) |
| 16:52 | Build | House |
| 16:54 | Build | House |
| 17:08 | Research | Bow Saw |
| 17:12 | Create | Villager (Male) |
| 17:12 | Create | Villager (Male) |
| 17:14 | Research | Gold Shaft Mining |
| 17:31 | Create | Villager (Male) |
| 17:39 | Create | Fire Galley |
| 17:39 | Create | Fire Galley |
| 17:43 | Create | Villager (Male) |
| 17:43 | Create | Villager (Male) |
| 18:01 | Build | Monastery |
| 18:10 | Create | Fire Galley |
| 18:11 | Create | Fire Galley |
| 18:24 | Research | Tech 909 |
| 18:44 | Create | Fire Galley |
| 18:47 | Create | Villager (Male) |
| 18:54 | Create | Villager (Male) |
| 18:57 | Build | Mining Camp |
| 19:00 | Create | Fire Galley |
| 19:07 | Research | Tech 908 |
| 19:10 | Create | Villager (Male) |
| 19:18 | Create | Fire Galley |
| 19:23 | Create | Fire Galley |
| 19:35 | Create | Villager (Male) |
| 19:43 | Create | Fire Galley |
| 19:55 | Build | Mining Camp |
| 20:02 | Research | Imperial Age |
| 20:02 | Research | Imperial Age |
| 20:13 | Create | Villager (Male) |
| 20:16 | Build | Dock |
| 20:28 | Build | Dock |
| 20:33 | Create | Fire Galley |
| 20:45 | Create | Villager (Male) |
| 20:52 | Research | Gillnets |
| 20:53 | Research | Careening |
| 20:53 | Research | Careening |
| 20:59 | Create | Villager (Male) |
| 21:08 | Create | Villager (Male) |
| 21:16 | Create | Villager (Male) |
| 21:22 | Create | Fire Galley |
| 21:23 | Create | Fire Galley |
| 21:23 | Create | Fire Galley |
| 21:32 | Create | Fire Galley |
| 21:43 | Create | Fire Galley |
| 21:43 | Create | Fire Galley |
| 21:45 | Create | Villager (Male) |
Build order — [R1] Pume
First 150 of 421 actions detected
| 0:00 | Create | Villager (Male) |
| 0:01 | Create | Villager (Male) |
| 0:02 | Build | House |
| 0:05 | Build | House |
| 0:07 | Build | House |
| 0:09 | Create | Villager (Male) |
| 0:10 | Create | Villager (Male) |
| 1:25 | Create | Villager (Male) |
| 1:55 | Build | Lumber Camp |
| 2:01 | Create | Villager (Male) |
| 2:26 | Create | Villager (Male) |
| 2:55 | Create | Villager (Male) |
| 3:13 | Create | Villager (Male) |
| 3:26 | Build | Dock |
| 3:37 | Build | House |
| 3:45 | Create | Villager (Male) |
| 4:13 | Create | Fishing Ship |
| 4:22 | Build | House |
| 4:25 | Create | Villager (Male) |
| 4:44 | Create | Villager (Male) |
| 5:01 | Create | Fishing Ship |
| 5:08 | Create | Villager (Male) |
| 5:27 | Create | Villager (Male) |
| 5:44 | Create | Villager (Male) |
| 5:46 | Create | Fishing Ship |
| 5:59 | Build | House |
| 6:27 | Create | Villager (Male) |
| 6:28 | Create | Fishing Ship |
| 6:51 | Create | Villager (Male) |
| 7:07 | Create | Villager (Male) |
| 7:10 | Create | Fishing Ship |
| 7:30 | Research | Loom |
| 7:52 | Build | Lumber Camp |
| 7:54 | Research | Feudal Age |
| 8:30 | Build | Mining Camp |
| 8:36 | Build | Dock |
| 9:04 | Create | Villager (Male) |
| 9:06 | Build | Dock |
| 9:22 | Build | House |
| 10:05 | Age | Feudal Age |
| 10:07 | Create | Galley |
| 10:07 | Create | Galley |
| 10:12 | Create | Galley |
| 10:16 | Research | Double-Bit Axe |
| 10:29 | Create | Villager (Male) |
| 10:35 | Create | Galley |
| 10:49 | Create | Villager (Male) |
| 10:50 | Create | Galley |
| 10:54 | Create | Villager (Male) |
| 11:04 | Create | Villager (Male) |
| 11:07 | Build | House |
| 11:11 | Build | House |
| 11:18 | Create | Galley |
| 11:40 | Create | Galley |
| 11:48 | Create | Villager (Male) |
| 11:56 | Build | Blacksmith |
| 12:11 | Create | Galley |
| 12:18 | Build | House |
| 12:28 | Create | Villager (Male) |
| 12:29 | Create | Galley |
| 12:41 | Research | Fletching |
| 12:54 | Create | Villager (Male) |
| 13:09 | Create | Galley |
| 13:09 | Create | Galley |
| 13:11 | Create | Villager (Male) |
| 13:13 | Build | House |
| 13:14 | Build | House |
| 13:17 | Create | Galley |
| 13:41 | Create | Galley |
| 13:45 | Create | Galley |
| 13:50 | Create | Villager (Male) |
| 13:52 | Create | Villager (Male) |
| 13:59 | Build | Lumber Camp |
| 14:03 | Create | Villager (Male) |
| 14:20 | Create | Villager (Male) |
| 14:21 | Create | Galley |
| 14:29 | Create | Villager (Male) |
| 14:56 | Create | Galley |
| 14:57 | Create | Galley |
| 14:57 | Create | Galley |
| 15:03 | Research | Tech 906 |
| 15:10 | Build | Mill |
| 15:29 | Create | Galley |
| 15:30 | Create | Villager (Male) |
| 15:43 | Create | Galley |
| 15:44 | Create | Galley |
| 15:45 | Create | Villager (Male) |
| 15:56 | Create | Villager (Male) |
| 16:02 | Create | Villager (Male) |
| 16:08 | Build | Market |
| 16:13 | Build | House |
| 16:27 | Create | Galley |
| 16:33 | Create | Villager (Male) |
| 16:48 | Create | Galley |
| 16:48 | Create | Galley |
| 17:06 | Build | Lumber Camp |
| 17:33 | Create | Galley |
| 17:53 | Research | Castle Age |
| 17:57 | Build | House |
| 17:59 | Create | Galley |
| 17:59 | Create | Galley |
| 18:20 | Create | Galley |
| 18:20 | Create | Galley |
| 18:21 | Create | Villager (Male) |
| 18:48 | Create | Galley |
| 18:48 | Create | Galley |
| 18:52 | Create | Galley |
| 18:52 | Create | Galley |
| 18:57 | Create | Villager (Male) |
| 19:10 | Create | Galley |
| 19:10 | Create | Galley |
| 19:26 | Create | Villager (Male) |
| 19:33 | Build | Dock |
| 19:38 | Create | Galley |
| 19:39 | Research | Gold Mining |
| 19:41 | Create | Villager (Male) |
| 19:44 | Build | House |
| 19:44 | Build | House |
| 19:44 | Build | House |
| 19:54 | Create | Galley |
| 19:59 | Build | House |
| 20:00 | Build | House |
| 20:00 | Build | House |
| 20:00 | Build | House |
| 20:00 | Build | House |
| 20:33 | Age | Castle Age |
| 20:38 | Research | War Galley (upgrade) |
| 20:38 | Research | Bodkin Arrow |
| 20:40 | Research | Bow Saw |
| 20:46 | Create | Galley |
| 21:12 | Create | Villager (Male) |
| 21:16 | Create | Galley |
| 21:16 | Create | Galley |
| 21:17 | Create | Villager (Male) |
| 21:27 | Create | Villager (Male) |
| 21:29 | Create | Villager (Male) |
| 21:33 | Create | Unit 2626 |
| 21:33 | Create | Unit 2626 |
| 21:33 | Create | Unit 2626 |
| 21:49 | Create | Unit 2626 |
| 21:50 | Create | Unit 2626 |
| 21:51 | Create | Villager (Male) |
| 21:53 | Build | House |
| 21:53 | Build | House |
| 22:11 | Create | Unit 2626 |
| 22:12 | Create | Unit 2626 |
| 22:12 | Create | Unit 2626 |
| 22:13 | Create | Villager (Male) |
| 22:23 | Build | Mining Camp |
| 22:51 | Create | Galley |
Match timeline
| 3:24 | m0re · first_building Dock |
| 3:25 | NOC | Madtomski · first_building Dock |
| 3:26 | [R1] Pume · first_building Dock |
| 3:30 | NOC | Mr.Dobbsn · first_building Dock |
| 3:37 | Moneimon · first_building Dock |
| 3:56 | NOC | Mati · first_building Dock |
| 9:18 | NOC | Madtomski · age_up feudal |
| 9:44 | m0re · age_up feudal |
| 9:48 | NOC | Mati · age_up feudal |
| 10:05 | [R1] Pume · age_up feudal |
| 12:35 | NOC | Mr.Dobbsn · age_up feudal |
| 12:42 | Moneimon · age_up feudal |
| 16:05 | NOC | Mr.Dobbsn · age_up castle |
| 16:08 | NOC | Mr.Dobbsn · first_building Monastery |
| 16:26 | Moneimon · age_up castle |
| 17:16 | NOC | Madtomski · first_market_sell 500 wood |
| 17:17 | NOC | Madtomski · first_market_buy 100 food |
| 17:20 | [R1] Pume · first_market_buy 100 food |
| 17:21 | [R1] Pume · first_market_sell 100 stone |
| 17:23 | NOC | Mr.Dobbsn · first_market_sell 100 stone |
| 17:37 | m0re · first_market_sell 100 stone |
| 17:37 | m0re · first_market_buy 100 food |
| 18:01 | Moneimon · first_building Monastery |
| 19:14 | Moneimon · first_market_sell 100 stone |
| 20:06 | NOC | Mr.Dobbsn · age_up imperial |
| 20:22 | m0re · age_up castle |
| 20:33 | [R1] Pume · age_up castle |
| 21:09 | NOC | Madtomski · age_up castle |
| 21:15 | Moneimon · first_market_buy 100 stone |
| 22:21 | NOC | Mati · age_up castle |
| 23:12 | Moneimon · age_up imperial |
| 24:21 | NOC | Mr.Dobbsn · first_market_buy 100 wood |
| 25:50 | NOC | Madtomski · first_building Monastery |
| 28:15 | NOC | Mati · first_market_sell 100 wood |
| 28:28 | m0re · first_building Monastery |
| 29:28 | NOC | Madtomski · first_building Castle |
| 30:40 | NOC | Madtomski · age_up imperial |
| 30:56 | m0re · first_building Castle |
| 31:58 | NOC | Mati · first_building Castle |
| 32:02 | NOC | Madtomski · first_building Siege Workshop |
| 32:44 | m0re · first_building Siege Workshop |
| 34:09 | Moneimon · first_building Castle |
| 34:24 | m0re · first_building Barracks |
| 35:18 | m0re · age_up imperial |
| 35:33 | NOC | Mati · first_building Barracks |
| 36:08 | [R1] Pume · first_building Barracks |
| 36:12 | NOC | Mati · first_market_buy 100 food |
| 36:29 | [R1] Pume · first_building Siege Workshop |
| 37:11 | NOC | Mr.Dobbsn · first_building Siege Workshop |
| 37:24 | [R1] Pume · first_building Archery Range |
| 37:33 | NOC | Mr.Dobbsn · first_building Barracks |
| 37:41 | [R1] Pume · first_building Stable |
| 39:05 | m0re · first_building Archery Range |
| 39:09 | [R1] Pume · first_building Castle |
| 39:10 | NOC | Mr.Dobbsn · first_building Stable |
| 39:26 | NOC | Mati · age_up imperial |
| 39:50 | NOC | Mr.Dobbsn · first_building Castle |
| 40:15 | [R1] Pume · age_up imperial |
| 41:21 | NOC | Madtomski · first_building Barracks |
| 41:47 | [R1] Pume · wall_segment Stone Wall x1 |
| 42:03 | [R1] Pume · wall_segment Stone Wall x1 |
| 43:02 | [R1] Pume · wall_segment Stone Wall x1 |
| 43:04 | [R1] Pume · wall_segment Stone Wall x1 |
| 43:06 | [R1] Pume · wall_segment Stone Wall x1 |
| 43:10 | [R1] Pume · wall_segment Stone Wall x1 |
| 43:11 | [R1] Pume · wall_segment Stone Wall x1 |
| 43:12 | [R1] Pume · wall_segment Stone Wall x1 |
| 43:13 | [R1] Pume · wall_segment Stone Wall x1 |
| 43:15 | [R1] Pume · wall_segment Stone Wall x1 |
| 43:22 | [R1] Pume · wall_segment Stone Wall x1 |
| 43:22 | [R1] Pume · wall_segment Stone Wall x1 |
| 43:26 | [R1] Pume · wall_segment Stone Wall x1 |
| 43:27 | [R1] Pume · wall_segment Stone Wall x1 |
| 43:28 | [R1] Pume · wall_segment Stone Wall x1 |
| 46:09 | NOC | Mati · first_building Siege Workshop |
| 46:37 | [R1] Pume · wall_segment Stone Wall x1 |
| 48:08 | Moneimon · tribute_sent a jugador 1 |
| 48:08 | Moneimon · tribute_sent a jugador 2 |
| 48:08 | Moneimon · tribute_sent a jugador 3 |
| 48:08 | Moneimon · tribute_sent a jugador 4 |
| 48:08 | Moneimon · tribute_sent a jugador 6 |
| 50:12 | m0re · resign |
[ AI ANALYSIS · 1 CREDIT ]
What really happened in this match?
Wolo.gg analyzes every decision: build order, eco, micro, common mistakes by bracket. Personalized analysis on WhatsApp or Discord in 30 seconds.
Civ guide
Vikings
Perfil
Jugador #230475